 Dungeon Crawl Stone Soup version 0.26-a0-712-ga5a9c9c9d0 (webtiles) character file.

Game seed: 16903833153351937642

186 kae the Insei (level 5, -2/34 HPs)
             Began as an Octopode Transmuter on Nov 6, 2020.
             Killed from afar by Sigmund (9 damage)
             ... with a magic dart
             ... on level 3 of the Dungeon.
             The game lasted 00:02:04 (2536 turns).

kae the Insei (Octopode Transmuter)                 Turns: 2536, Time: 00:02:05

Health: -2/34      AC:  2    Str: 10 (11) XL:     5   Next: 66%
Magic:  7/9        EV: 20    Int: 14 (15) God:
Gold:   72         SH:  0    Dex: 17      Spells: 5/9 levels left

rFire    . . .     SeeInvis .     - Unarmed
rCold    . . .     Faith    .   (shield currently unavailable)
rNeg     . . .     Spirit   .   (helmet currently unavailable)
rPois    x         Reflect  .   (no amulet)
rElec    .         Harm     .   (no ring)
rCorr    .         Rampage  .   (no ring)
MR       .....                  (no ring)
Stlth    ++........             (no ring)
HPRegen  0.11/turn              (no ring)
MPRegen  0.11/turn              (no ring)
                                (no ring)
                                (no ring)

@: spider-form (expiring)
A: tiny, almost no armour, stealthy swim, (amphibious), 8 rings, (constrict 8)
a: End Transformation


You were on level 3 of the Dungeon.
You were a venomous arachnid creature.
You visited 1 branch of the dungeon, and saw 3 of its levels.

You collected 72 gold pieces.

Inventory:

Scrolls
 a - a scroll of amnesia {unknown}
 d - a scroll of noise {unknown}
 e - a scroll of enchant weapon {unknown}
 h - a scroll of identify {unknown}
Potions
 b - 2 potions of degeneration


   Skills:
 + Level 2.0 Fighting
 + Level 2.7 Dodging
 * Level 4.1 Unarmed Combat
 + Level 2.6 Spellcasting
 * Level 3.3 Transmutations


You had 5 spell levels left.
You knew the following spells:

 Your Spells              Type           Power        Failure   Level
a - Beastly Appendage     Tmut           ##....       16%         1
b - Spider Form           Tmut/Pois      #.........   54%         3

Your spell library contained the following spells:

 Spells                   Type           Power        Failure   Level
 Wereblood                Tmut           ##......     22%         2
 Ice Form                 Ice/Tmut       #.......     88%         4
 Blade Hands              Tmut           ##........   94%         5


Dungeon Overview and Level Annotations

Branches:
Dungeon (3/15)

Altars:

Annotations:
D:3 Sigmund


Innate Abilities, Weirdness & Mutations

You cannot wear most types of armour.
You are very stealthy in the water. (Stealth+)
((You are amphibious.))
You can wear up to eight rings at the same time.
((You can use your tentacles to constrict eight enemies at once.))
((Your skin changes colour to match your surroundings (Stealth+).))
((Your rubbery body absorbs attacks. (AC +1, EV +1)))


Message History

The weapon returns to the orc!
You hit Sigmund but do no damage.
Sigmund looks as sick as possible!
Sigmund is severely wounded.
Sigmund's eyes start glowing with a red light.
Sigmund drinks a potion.
Sigmund is healed!
Sigmund looks more healthy.
You barely miss Sigmund.
Sigmund is heavily wounded.
The orc throws a boomerang.
The boomerang hits you.
* * * LOW HITPOINT WARNING * * *
The weapon returns to the orc!
Sigmund misses you.
You hit Sigmund.
Sigmund is poisoned.
Sigmund is severely wounded.
The orc throws a boomerang.
The boomerang hits you.
* * * LOW HITPOINT WARNING * * *
The weapon returns to the orc!
You hit Sigmund.
Sigmund is severely wounded.
Sigmund casts a spell at you. The magic dart hits you!
You die...

#.......$?....
#[............
#)............
#.............
o...#.....##...
# ####.##
#######w######
#.....#.@)...##
......).s.....#
.......<)......#
............o..#
...............#
...............#
................
...............#
..............##
#.....##.....##


You could see Sigmund (very poisoned), a worm and an orc.

Vanquished Creatures
  A phantom (D:2)
  A gnoll (D:1)
  4 adders (D:2)
  An ooze (D:1)
  2 worms (D:2)
  A leopard gecko (D:1)
  3 orcs
  3 goblins (D:1)
  7 hobgoblins
  A jackal (D:3)
  A ball python (D:1)
  5 bats
  2 frilled lizards
  5 kobolds
  10 rats (D:1)
47 creatures vanquished.

Notes
Turn   | Place    | Note
-------+----------+-------------------------------------------
     0 | D:1      | kae the Octopode Transmuter began the quest for the Orb.
     0 | D:1      | Reached XP level 1. HP: 13/13 MP: 3/3
    41 | D:1      | Reached XP level 2. HP: 18/18 MP: 3/5
   535 | D:1      | Reached XP level 3. HP: 19/23 MP: 4/6
   785 | D:1      | Learned a level 3 spell: Spider Form
  1273 | D:2      | Reached XP level 4. HP: 24/28 MP: 7/7
  1693 | D:2      | Noticed a phantom
  1864 | D:3      | Noticed Sigmund
  1900 | D:2      | Killed a phantom
  1900 | D:2      | Reached skill level 4 in Unarmed Combat
  1900 | D:2      | Reached XP level 5. HP: 9/34 MP: 4/8
  2536 | D:3      | Killed from afar by Sigmund

Illustrated notes

Levels and vault maps discovered:
D:1:      scummos_arrival_hexagon, layout_rooms, minmay_rat_gold_closets
D:2:      layout_basic, chequers_ecumenical_altar_simple_redux
D:3:      layout_rooms, old_standard_altar, uniq_sigmund

Skill      XL: |  1  2  3  4 |
---------------+-------------+-----
Transmutations | 3 |  3.3
Fighting       | 2 |  2.0
Unarmed Combat | 4 |  4.1
Dodging        | |  2.7
Spellcasting   | |  2.6

Action                   |  1- 3 |  4- 6 || total
-------------------------+-------+-------++-------
Melee: Unarmed           |    69 |    47 ||   116
       Constrict         |    16 |     8 ||    24
       Kick              |    13 |     2 ||    15
       Tentacles         |    10 |     6 ||    16
       Punch             |     2 |       ||     2
 Cast: Beastly Appendage |    12 |     5 ||    17
       Spider Form       |       |     6 ||     6
  Use: Potion            |       |     4 ||     4
 Stab: Sleeping          |     4 |     2 ||     6
Armor: Skin              |     1 |     8 ||     9
Dodge: Dodged            |    38 |    56 ||    94

Table legend: (Time is in decaauts)
 A = Elapsed time spent in this place.
 B = Non-inter-level travel time spent in this place.
 C = Inter-level travel time spent in this place.
 D = Time resting spent in this place.
 E = Time spent auto-exploring this place.
 F = Levels seen in this place.
 G = Mean time per level.
                   A        B        C        D        E       F      G
               +--------+--------+--------+--------+--------+-----+--------+
         Total |   2533 |   2522 |     11 |    716 |   1437 |   3 |  844.3 |
       Dungeon |   2533 |   2522 |     11 |    716 |   1437 |   3 |  844.3 |
               +--------+--------+--------+--------+--------+-----+--------+

Top non-repeatable levels by time:
     D:2: 1360 daAuts
     D:1: 969 daAuts
     D:3: 203 daAuts
